Wolves vs Monsters

Created - Friday, January 08, 2016 at 04:18

Goals
1 2 3 T
Wolves 2 4 5 11
Monsters 0 0 1 1
Shots
1 2 3 T
Wolves 3 6 16 25
Monsters 7 7 7 21

1st period

1. Wolves , Joe Vitale 9 (Evan Rankin, Zack Phillips) at 2:37
2. Wolves , Andre Benoit 11 (Marek Tvrdon) at 17:05

Penalties :
Troy Rutkowski (LEM) for Fighting (Major) at 3:36, Ryan Reaves (CHI) for Fighting (Major) at 3:36, Ryan Reaves (CHI) for instigated a fight (Minor) at 3:36, Ryan Reaves (CHI) for instigated a fight (10 Minutes Misconduct) at 3:36

2nd period

3. Wolves , Gus Young 1 (Chris Brown, Marek Tvrdon) at 2:08
4. Wolves , Ryan Reaves 12 (Joakim Nordstrom, Ryan Sproul) at 2:19
5. Wolves , Joakim Nordstrom 13 (Ryan Reaves, Joe Vitale) at 2:41
6. Wolves , Eric Baier 2 (Ryan Sproul, Chris Brown) at 6:39

Penalties :
Blair Riley (LEM) for Fighting (Major) at 9:54, Joe Piskula (CHI) for Fighting (Major) at 9:54, Joe Whitney (CHI) for Hooking (Minor) at 16:04

3rd period

7. Wolves , Ryan Reaves 13 (Joakim Nordstrom, Ryan Sproul) at 0:35
8. Monsters , Jordan Weal 3 (Austin Watson, Barclay Goodrow) at 2:11
9. Wolves , Joe Whitney 3 (Brian O'Neill, Andre Benoit) at 2:41
10. Wolves , Joe Vitale 10 (Joakim Nordstrom, Scott Kosmachuk) at 2:57
11. Wolves , Brian O'Neill 6 (Eric Baier, Gus Young) at 3:37
12. Wolves , Joe Whitney 4 (Brian O'Neill, Colton Sissons) at 4:36

Penalties :
Troy Rutkowski (LEM) for Fighting (Major) at 1:25, Ryan Reaves (CHI) for Fighting (Major) at 1:25, Austin Watson (LEM) for Fighting (Major) at 3:40, Ryan Sproul (CHI) for Fighting (Major) at 3:40, Jeff Hoggan (LEM) for Fighting (Major) at 8:22, Ryan Reaves (CHI) for Fighting (Major / Game Misconduct) at 8:22

Goalie Stats

Evgeni Nabokov (CHI), 20 saves from 21 shots - (0.952), W, 21-2-5, 60:00 minutes
FARM GOALIE2 (LEM), 13 saves from 20 shots - (0.650), L, 0-9-0, 39:38 minutes
FARM GOALIE23 (LEM), 1 saves from 5 shots - (0.200), 20:22 minutes

Players Stats for Wolves

Player Name              G  A  P  +/- PIM S  H  SB GA TA FO     MP     PP MP  PK MP  
------------------------------------------------------------------------------------
Andre Benoit             1  1  2   6  0   3  1  1  4  5  0/0    26:41   0:00   2:59 
Brian O'Neill            1  2  3   3  0   5  3  0  2  0  0/0    18:26   0:00   1:07 
Chris Brown              0  2  2   3  0   2  3  0  4  0  0/3    15:00   0:00   0:00 
Colton Sissons           0  1  1   3  0   0  2  2  4  0  5/15   18:25   0:00   0:11 
Eric Baier               1  1  2   3  0   1  1  0  0  0  0/0    14:23   0:00   0:00 
Evan Rankin              0  1  1   1  0   1  1  0  1  0  0/0     9:48   0:00   0:00 
Gus Young                1  1  2   3  0   2  1  1  0  1  0/0    18:13   0:00   0:00 
Joakim Nordstrom         1  3  4   3  0   3  0  0  4  0  0/1    17:56   0:00   1:07 
Joe Piskula              0  0  0   1  5   0  1  0  0  0  0/0    16:57   0:00   0:58 
Joe Vitale               2  1  3   4  0   2  2  1  1  1  9/18   23:22   0:00   1:48 
Joe Whitney              2  0  2   3  2   2  0  0  2  0  0/0    17:23   0:00   0:00 
Josh Anderson            0  0  0   3  0   0  1  0  0  0  1/1    15:05   0:00   0:39 
Kevin Gagne              0  0  0   1  0   0  2  0  0  0  0/0    19:35   0:00   0:58 
Marek Tvrdon             0  2  2   3  0   1  0  0  0  2  0/0    11:07   0:00   1:43 
Ryan Reaves              2  1  3   3  37  2  1  1  2  0  0/0     9:33   0:00   1:19 
Ryan Sproul              0  3  3   6  5   0  3  2  0  2  0/0    24:07   0:00   2:59 
Scott Kosmachuk          0  1  1   0  0   0  1  1  0  0  1/1    11:20   0:00   0:00 
Zack Phillips            0  1  1   1  0   1  1  0  0  0  2/3     8:31   0:00   0:00 

Players Stats for Monsters

Player Name              G  A  P  +/- PIM S  H  SB GA TA FO     MP     PP MP  PK MP  
------------------------------------------------------------------------------------
Austin Watson            0  1  1  -6  5   3  2  0  0  1  7/16   21:16   1:40   0:00 
Barclay Goodrow          0  1  1  -5  0   1  1  6  4  0  0/1    21:30   1:40   0:00 
Blair Riley              0  0  0  -2  5   0  0  1  0  0  0/1     7:06   0:00   0:00 
Cal O'Reilly             0  0  0  -2  0   3  0  0  0  0  0/0    17:43   0:00   0:00 
Charles Hudon            0  0  0   0  0   0  0  0  0  0  0/0     0:00   0:00   0:00 
Chase Balisy             0  0  0  -3  0   1  0  1  1  0  2/2    12:42   2:17   0:00 
FARM PLAYER13            0  0  0  -2  0   0  3  0  0  1  0/0    16:11   0:34   0:00 
FARM PLAYER17            0  0  0  -3  0   0  1  0  0  0  0/0    21:55   2:25   0:00 
Jeff Hoggan              0  0  0  -1  5   0  0  1  0  1  3/5    11:00   0:00   0:00 
Jordan Weal              1  0  1  -5  0   1  0  1  1  0  3/3    20:29   1:40   0:00 
Mac Bennett              0  0  0  -5  0   0  0  2  1  1  0/0    23:43   1:32   0:00 
Matt MacKenzie           0  0  0  -7  0   0  2  0  0  3  0/0    26:07   2:09   0:00 
Mitch Callahan           0  0  0  -2  0   2  3  2  1  3  8/13   19:33   2:17   0:00 
Quinton Howden           0  0  0  -1  0   3  1  2  0  0  0/0    13:38   0:00   0:00 
Steven Pinizzotto        0  0  0  -2  0   3  1  0  4  3  0/0    19:33   2:17   0:00 
Trevor van Riemsdyk      0  0  0  -2  0   0  0  1  2  1  0/0    14:51   0:00   0:00 
Troy Rutkowski           0  0  0  -1  10  0  1  1  0  2  0/0    18:25   1:14   0:00 
Viktor Arvidsson         0  0  0  -1  0   4  0  1  3  0  1/1    14:08   0:00   0:00 

3 Stars

1 - Joe Vitale (CHI)
2 - Joakim Nordstrom (CHI)
3 - Andre Benoit (CHI)

Power Play

Wolves - 0 on 0 Attempt(s) - 0.00%
Monsters - 0 on 2 Attempt(s) - 0.00%

Penalty Kill

Wolves - 2 on 2 Attempt(s) - 100.00% - Score 0 goal in Penalty Kill
Monsters - 0 on 0 Attempt(s) - 0.00% - Score 0 goal in Penalty Kill

Team Stat

Wolves - Hits : 24 - Faceoff Wins : 18 - Blocked Shots : 9 - Penalty Minutes : 49
Monsters - Hits : 15 - Faceoff Wins : 24 - Blocked Shots : 19 - Penalty Minutes : 25

Official

Referees : Unknown
Linesman : Unknown

Game Notes

Troy Rutkowski and Ryan Reaves fight to a draw at 3:36 of 1st period
FARM GOALIE23 enters game at 2:19 of 2nd period
Blair Riley beats up Joe Piskula at 9:54 of 2nd period
Marek Tvrdon is injured at 17:59 of 2nd period (Left Leg)
Troy Rutkowski and Ryan Reaves fight to a draw at 1:25 of 3rd period
FARM GOALIE2 enters game at 2:41 of 3rd period
Austin Watson beats up Ryan Sproul at 3:40 of 3rd period
Jeff Hoggan and Ryan Reaves fight to a draw at 8:22 of 3rd period
Ryan Reaves ejected from game at 8:22 of 3rd period
Ryan Reaves from Wolves is suspended for 2 game(s)

Finance

Level 1 -- Attendance: 1597 (79.85%) -- Ticket Income $55,895
Level 2 -- Attendance: 696 (69.60%) -- Ticket Income $10,440
Total Attendance: 2293 (76.43%)
Total Ticket Income: $66,335
Other Income: $32,504
Total Income: $98,839

Wolves

5 vs 5 Forward 
   Center                   Left Wing                Right Wing               Time % Phy DF OF 
 1 Joe Vitale               Joakim Nordstrom         Ryan Reaves              35     1   2  2  
 2 Colton Sissons           Joe Whitney              Brian O'Neill            30     1   2  2  
 3 Chris Brown              Josh Anderson            Marek Tvrdon             22     1   2  2  
 4 Zack Phillips            Joe Vitale               Evan Rankin              13     1   2  2  

5 vs 5 Defense 
   Defense                  Defense                                           Time % Phy DF OF 
 1 Andre Benoit             Ryan Sproul                                       35     1   2  2  
 2 Joe Piskula              Kevin Gagne                                       30     1   2  2  
 3 Gus Young                Eric Baier                                        22     1   2  2  
 4 Andre Benoit             Ryan Sproul                                       13     1   2  2  

PowerPlay Forward 
   Center                   Left Wing                Right Wing               Time % Phy DF OF 
 1 Joe Vitale               Joakim Nordstrom         Ryan Reaves              60     1   2  2  
 2 Colton Sissons           Joe Whitney              Brian O'Neill            40     1   2  2  

PowerPlay Defense
   Defense                  Defense                                           Time % Phy DF OF 
 1 Andre Benoit             Ryan Sproul                                       60     1   2  2  
 2 Joe Piskula              Kevin Gagne                                       40     1   2  2  

Penalty Kill 4 Players Forward 
   Center                   Wing                     Time % Phy DF OF 
 1 Joe Vitale               Ryan Reaves              60     1   2  2  
 2 Joakim Nordstrom         Brian O'Neill            40     1   2  2  

Penalty Kill 4 Players Defense
   Defense                  Defense                  Time % Phy DF OF 
 1 Andre Benoit             Ryan Sproul              60     1   2  2  
 2 Joe Piskula              Kevin Gagne              40     1   2  2  

Penalty Kill - 3 Players Forward 
   Forward                                           Time % Phy DF OF 
 1 Joe Vitale                                        60     1   2  2  
 2 Ryan Reaves                                       40     1   2  2  

Penalty Kill - 3 Players Defense
   Defense                  Defense                  Time % Phy DF OF 
 1 Andre Benoit             Ryan Sproul              60     1   2  2  
 2 Joe Piskula              Kevin Gagne              40     1   2  2  

4 vs 4 Forward 
   Center                   Wing                     Time % Phy DF OF 
 1 Joe Vitale               Ryan Reaves              60     1   2  2  
 2 Joakim Nordstrom         Brian O'Neill            40     1   2  2  

4 vs 4 Defense
   Defense                  Defense                  Time % Phy DF OF 
 1 Andre Benoit             Ryan Sproul              60     1   2  2  
 2 Joe Piskula              Kevin Gagne              40     1   2  2  

Last Minutes Offensive
   Center                   Left Wing                Right Wing               Defense                  Defense                  
   Joe Vitale               Joakim Nordstrom         Ryan Reaves              Andre Benoit             Ryan Sproul              

Last Minutes Defensive
   Center                   Left Wing                Right Wing               Defense                  Defense                  
   Joe Vitale               Joakim Nordstrom         Ryan Reaves              Andre Benoit             Ryan Sproul              

Goaltenders
Starting : Evgeni Nabokov           
Backup : FARM GOALIE18            

Extra Forwards
Normal : Scott Kosmachuk, Chris Brown, Marek Tvrdon - PP : Scott Kosmachuk, Chris Brown - PK : Marek Tvrdon
Extra Defensemen
Normal : Gus Young, Eric Baier, Joe Piskula - PP : Gus Young - PK : Eric Baier, Joe Piskula
Penalty Shots
Joe Vitale, Ryan Reaves, Joakim Nordstrom, Brian O'Neill, Colton Sissons

Monsters

5 vs 5 Forward 
   Center                   Left Wing                Right Wing               Time % Phy DF OF 
 1 Austin Watson            Barclay Goodrow          Jordan Weal              35     1   2  2  
 2 Mitch Callahan           Cal O'Reilly             Steven Pinizzotto        30     1   2  2  
 3 Jeff Hoggan              Quinton Howden           Viktor Arvidsson         22     1   2  2  
 4 Austin Watson            Chase Balisy             Blair Riley              13     1   2  2  

5 vs 5 Defense 
   Defense                  Defense                                           Time % Phy DF OF 
 1 Mac Bennett              Matt MacKenzie                                    35     1   2  2  
 2 Troy Rutkowski           FARM PLAYER17                                     30     1   2  2  
 3 FARM PLAYER13            Trevor van Riemsdyk                               22     1   2  2  
 4 Mac Bennett              Matt MacKenzie                                    13     1   2  2  

PowerPlay Forward 
   Center                   Left Wing                Right Wing               Time % Phy DF OF 
 1 Austin Watson            Barclay Goodrow          Jordan Weal              60     1   2  2  
 2 Mitch Callahan           Steven Pinizzotto        Chase Balisy             40     1   2  2  

PowerPlay Defense
   Defense                  Defense                                           Time % Phy DF OF 
 1 Mac Bennett              Matt MacKenzie                                    60     1   2  2  
 2 Troy Rutkowski           FARM PLAYER17                                     40     1   2  2  

Penalty Kill 4 Players Forward 
   Center                   Wing                     Time % Phy DF OF 
 1 Austin Watson            Jordan Weal              60     1   2  2  
 2 Jeff Hoggan              Quinton Howden           40     1   2  2  

Penalty Kill 4 Players Defense
   Defense                  Defense                  Time % Phy DF OF 
 1 Matt MacKenzie           Mac Bennett              60     1   2  2  
 2 FARM PLAYER13            Troy Rutkowski           40     1   2  2  

Penalty Kill - 3 Players Forward 
   Forward                                           Time % Phy DF OF 
 1 Barclay Goodrow                                   60     1   2  2  
 2 Austin Watson                                     40     1   2  2  

Penalty Kill - 3 Players Defense
   Defense                  Defense                  Time % Phy DF OF 
 1 Matt MacKenzie           Mac Bennett              60     1   2  2  
 2 FARM PLAYER17            Troy Rutkowski           40     1   2  2  

4 vs 4 Forward 
   Center                   Wing                     Time % Phy DF OF 
 1 Barclay Goodrow          Austin Watson            60     1   2  2  
 2 Jordan Weal              Viktor Arvidsson         40     1   2  2  

4 vs 4 Defense
   Defense                  Defense                  Time % Phy DF OF 
 1 Mac Bennett              Matt MacKenzie           60     1   2  2  
 2 FARM PLAYER17            FARM PLAYER13            40     1   2  2  

Last Minutes Offensive
   Center                   Left Wing                Right Wing               Defense                  Defense                  
   Austin Watson            Barclay Goodrow          Jordan Weal              Mac Bennett              Matt MacKenzie           

Last Minutes Defensive
   Center                   Left Wing                Right Wing               Defense                  Defense                  
   Austin Watson            Barclay Goodrow          Jordan Weal              Mac Bennett              Matt MacKenzie           

Goaltenders
Starting : FARM GOALIE2             
Backup : FARM GOALIE23            

Extra Forwards
Normal : Chase Balisy, Austin Watson, Barclay Goodrow - PP : Mitch Callahan, Jordan Weal - PK : Blair Riley
Extra Defensemen
Normal : Matt MacKenzie, Troy Rutkowski, Mac Bennett - PP : Matt MacKenzie - PK : FARM PLAYER17, Mac Bennett
Penalty Shots
Chase Balisy, Austin Watson, Barclay Goodrow, Mitch Callahan, Jordan Weal

% Time on Ice - Wolves

Lines # - Real PCT - Wanted PCT - Time Play
Normal Forward
1 - 33% - 35% - 18:24
2 - 28% - 30% - 15:49
3 - 27% - 22% - 15:21
4 - 12% - 13% - 6:28
Normal Defense
1 - 33% - 35% - 18:35
2 - 33% - 30% - 18:37
3 - 24% - 22% - 13:43
4 - 9% - 13% - 5:07
PP Forward
1 - 0% - 60%
2 - 0% - 40%
PP Defense
1 - 0% - 60%
2 - 0% - 40%
PK Forward
1 - 72% - 60% - 2:51
2 - 28% - 40% - 1:07
PK Defense
1 - 76% - 60% - 3:00
2 - 24% - 40% - 0:58
PK3 Forward
1 - 0% - 60%
2 - 0% - 40%
PK3 Defense
1 - 0% - 60%
2 - 0% - 40%
44 Forward
1 - 0% - 60%
2 - 0% - 40%
44 Defense
1 - 0% - 60%
2 - 0% - 40%
Last Minute Offensive  - 0:00
Last Minute Defensive  - 0:00
Total
Forward - 60:00
Defense - 60:00

% Time on Ice - Monsters

Lines # - Real PCT - Wanted PCT - Time Play
Normal Forward
1 - 32% - 35% - 17:54
2 - 31% - 30% - 17:16
3 - 24% - 22% - 13:38
4 - 13% - 13% - 7:14
Normal Defense
1 - 31% - 35% - 17:25
2 - 34% - 30% - 19:00
3 - 27% - 22% - 14:51
4 - 9% - 13% - 4:46
PP Forward
1 - 42% - 60% - 1:40
2 - 58% - 40% - 2:18
PP Defense
1 - 39% - 60% - 1:32
2 - 61% - 40% - 2:26
PK Forward
1 - 0% - 60%
2 - 0% - 40%
PK Defense
1 - 0% - 60%
2 - 0% - 40%
PK3 Forward
1 - 0% - 60%
2 - 0% - 40%
PK3 Defense
1 - 0% - 60%
2 - 0% - 40%
44 Forward
1 - 0% - 60%
2 - 0% - 40%
44 Defense
1 - 0% - 60%
2 - 0% - 40%
Last Minute Offensive  - 0:00
Last Minute Defensive  - 0:00
Total
Forward - 60:00
Defense - 60:00

Play by Play

1st period


0:01 of 1st period - Joe Vitale wins face-off versus Austin Watson in neutral zone.
0:12 of 1st period - Snap shot by Austin Watson.
0:12 of 1st period - Stopped by Evgeni Nabokov with a rebound.
0:14 of 1st period - Snap shot by Jordan Weal.
0:14 of 1st period - Shot Misses the Net.
1:02 of 1st period - Brian O'Neill is hit by Mitch Callahan and loses puck.
1:15 of 1st period - Slapshot by Cal O'Reilly.
1:15 of 1st period - Shot Misses the Net.
1:33 of 1st period - Slapshot by Chris Brown.
1:33 of 1st period - Shot Misses the Net.
1:49 of 1st period - Viktor Arvidsson is hit by Chris Brown and loses puck.
2:02 of 1st period - Eric Baier is hit by FARM PLAYER13 and loses puck.
2:37 of 1st period - Wrist shot by Joe Vitale.
2:37 of 1st period - Goal by Joe Vitale - Wolves : 1 - Monsters : 0.
2:38 of 1st period - Austin Watson wins face-off versus Colton Sissons in neutral zone.
3:29 of 1st period - Slapshot by Joakim Nordstrom.
3:29 of 1st period - Shot Misses the Net.
3:36 of 1st period - Troy Rutkowski and Ryan Reaves fight to a draw.
3:36 of 1st period - Penalty to Troy Rutkowski for Fighting.
3:36 of 1st period - Penalty to Ryan Reaves for Fighting.
3:36 of 1st period - Penalty to Ryan Reaves for instigated a fight.
3:36 of 1st period - Penalty to Ryan Reaves for instigated a fight.
3:37 of 1st period - Joe Vitale wins face-off versus Mitch Callahan in Wolves zone.
3:52 of 1st period - Snap shot by Joe Vitale.
3:52 of 1st period - Shot Misses the Net.
4:12 of 1st period - Wrist shot by Steven Pinizzotto.
4:12 of 1st period - Stopped by Evgeni Nabokov with a rebound.
4:20 of 1st period - Steven Pinizzotto is hit by Ryan Sproul and loses puck.
5:25 of 1st period - Slapshot by Mitch Callahan.
5:25 of 1st period - Shot Misses the Net.
5:27 of 1st period - Snap shot by Steven Pinizzotto.
5:27 of 1st period - Shot Misses the Net.
5:36 of 1st period - Penalty to Ryan Reaves is over, Marek Tvrdon is send on ice.
6:58 of 1st period - Chris Brown is hit by Austin Watson and loses puck.
7:57 of 1st period - Joe Vitale is hit by FARM PLAYER13 and loses puck.
8:04 of 1st period - Wrist shot by Joe Vitale.
8:04 of 1st period - Shot Misses the Net.
8:22 of 1st period - Slapshot by Marek Tvrdon.
8:22 of 1st period - Shot Blocked by Chase Balisy.
8:30 of 1st period - Trevor van Riemsdyk is hit by Josh Anderson and loses puck.
9:16 of 1st period - Troy Rutkowski is hit by Brian O'Neill.
9:22 of 1st period - Eric Baier is hit by Mitch Callahan and loses puck.
10:53 of 1st period - Matt MacKenzie is hit by Chris Brown and loses puck.
11:24 of 1st period - Wrist shot by Viktor Arvidsson.
11:24 of 1st period - Stopped by Evgeni Nabokov with a rebound.
11:39 of 1st period - Icing by Joe Whitney.
11:40 of 1st period - Colton Sissons wins face-off versus Blair Riley in Wolves zone.
11:55 of 1st period - Wrist shot by Barclay Goodrow.
11:55 of 1st period - Shot Misses the Net.
13:01 of 1st period - Snap shot by Mitch Callahan.
13:01 of 1st period - Shot Misses the Net.
13:03 of 1st period - Wrist shot by Mitch Callahan.
13:03 of 1st period - Shot Misses the Net.
13:19 of 1st period - Wrist shot by Viktor Arvidsson.
13:19 of 1st period - Stopped by Evgeni Nabokov with a rebound.
13:21 of 1st period - Wrist shot by Quinton Howden.
13:21 of 1st period - Stopped by Evgeni Nabokov without a rebound.
13:22 of 1st period - Jeff Hoggan wins face-off versus Colton Sissons in Wolves zone.
13:29 of 1st period - Backhand shot by Viktor Arvidsson.
13:29 of 1st period - Stopped by Evgeni Nabokov without a rebound.
13:30 of 1st period - Viktor Arvidsson wins face-off versus Colton Sissons in Wolves zone.
13:37 of 1st period - Slapshot by Andre Benoit.
13:37 of 1st period - Shot Blocked by Troy Rutkowski.
15:20 of 1st period - Icing by Barclay Goodrow.
15:21 of 1st period - Colton Sissons wins face-off versus Austin Watson in Monsters zone.
15:40 of 1st period - Slapshot by Chris Brown.
15:40 of 1st period - Shot Misses the Net.
15:42 of 1st period - Snap shot by Marek Tvrdon.
15:42 of 1st period - Deflect By Josh Anderson.
15:42 of 1st period - Shot Misses the Net.
15:42 of 1st period - Puck is out of play.
15:43 of 1st period - Jeff Hoggan wins face-off versus Chris Brown in Monsters zone.
17:05 of 1st period - Snap shot by Andre Benoit.
17:05 of 1st period - Goal by Andre Benoit - Wolves : 2 - Monsters : 0.
17:06 of 1st period - Joe Vitale wins face-off versus Mitch Callahan in neutral zone.
17:23 of 1st period - Snap shot by Cal O'Reilly.
17:23 of 1st period - Stopped by Evgeni Nabokov with a rebound.
17:35 of 1st period - Snap shot by Chris Brown.
17:35 of 1st period - Stopped by FARM GOALIE2 with a rebound.
18:36 of 1st period - 10 Minutes Misconduct Penalty to Ryan Reaves is over.
18:42 of 1st period - Cal O'Reilly is hit by Scott Kosmachuk and loses puck.
19:55 of 1st period - Wrist shot by Andre Benoit.
19:55 of 1st period - Shot Misses the Net.
Goals for this period are 2 for Wolves vs 0 for Monsters.
Shots for this period are 3 for Wolves vs 7 for Monsters.

2nd period


0:01 of 2nd period - Austin Watson wins face-off versus Joe Vitale in neutral zone.
0:57 of 2nd period - Snap shot by Steven Pinizzotto.
0:57 of 2nd period - Stopped by Evgeni Nabokov with a rebound.
0:59 of 2nd period - Wrist shot by Mitch Callahan.
0:59 of 2nd period - Deflect By Steven Pinizzotto.
0:59 of 2nd period - Shot Misses the Net.
0:59 of 2nd period - Puck is out of play.
1:00 of 2nd period - Mitch Callahan wins face-off versus Colton Sissons in Wolves zone.
1:09 of 2nd period - Snap shot by Joe Whitney.
1:09 of 2nd period - Shot Blocked by Mitch Callahan.
2:02 of 2nd period - Slapshot by Marek Tvrdon.
2:02 of 2nd period - Stopped by FARM GOALIE2 with a rebound.
2:06 of 2nd period - Wrist shot by Chris Brown.
2:06 of 2nd period - Shot Blocked by Jeff Hoggan.
2:08 of 2nd period - Slapshot by Gus Young.
2:08 of 2nd period - Goal by Gus Young - Wolves : 3 - Monsters : 0.
2:09 of 2nd period - Austin Watson wins face-off versus Joe Vitale in neutral zone.
2:19 of 2nd period - Snap shot by Ryan Reaves.
2:19 of 2nd period - Goal by Ryan Reaves - Wolves : 4 - Monsters : 0.
2:19 of 2nd period - FARM GOALIE23 enters game.
2:20 of 2nd period - Joe Vitale wins face-off versus Austin Watson in neutral zone.
2:41 of 2nd period - Snap shot by Joakim Nordstrom.
2:41 of 2nd period - Goal by Joakim Nordstrom - Wolves : 5 - Monsters : 0.
2:42 of 2nd period - Jordan Weal wins face-off versus Joe Vitale in neutral zone.
2:57 of 2nd period - Snap shot by Austin Watson.
2:57 of 2nd period - Shot Misses the Net.
2:59 of 2nd period - Snap shot by Jordan Weal.
2:59 of 2nd period - Shot Misses the Net.
3:01 of 2nd period - Snap shot by Austin Watson.
3:01 of 2nd period - Shot Blocked by Ryan Reaves.
3:07 of 2nd period - Snap shot by Jordan Weal.
3:07 of 2nd period - Shot Blocked by Ryan Sproul.
3:09 of 2nd period - Wrist shot by Austin Watson.
3:09 of 2nd period - Shot Misses the Net.
3:41 of 2nd period - Slapshot by Cal O'Reilly.
3:41 of 2nd period - Shot Misses the Net.
3:43 of 2nd period - Snap shot by Cal O'Reilly.
3:43 of 2nd period - Stopped by Evgeni Nabokov with a rebound.
3:45 of 2nd period - Snap shot by Mitch Callahan.
3:45 of 2nd period - Shot Blocked by Ryan Sproul.
3:51 of 2nd period - Snap shot by Steven Pinizzotto.
3:51 of 2nd period - Shot Misses the Net.
3:53 of 2nd period - Snap shot by Steven Pinizzotto.
3:53 of 2nd period - Shot Misses the Net.
3:55 of 2nd period - Wrist shot by Cal O'Reilly.
3:55 of 2nd period - Shot Misses the Net.
3:57 of 2nd period - Wrist shot by Steven Pinizzotto.
3:57 of 2nd period - Deflect By Mitch Callahan.
3:57 of 2nd period - Stopped by Evgeni Nabokov with a rebound.
3:59 of 2nd period - Slapshot by Troy Rutkowski.
3:59 of 2nd period - Shot Misses the Net.
5:03 of 2nd period - Blair Riley is hit by Chris Brown.
5:19 of 2nd period - Austin Watson is hit by Kevin Gagne and loses puck.
6:10 of 2nd period - Off-side.
6:11 of 2nd period - Colton Sissons wins face-off versus Austin Watson in neutral zone.
6:16 of 2nd period - Mac Bennett is hit by Brian O'Neill and loses puck.
6:33 of 2nd period - Wrist shot by Chris Brown.
6:33 of 2nd period - Shot Blocked by Mac Bennett.
6:35 of 2nd period - Slapshot by Ryan Sproul.
6:35 of 2nd period - Shot Misses the Net.
6:37 of 2nd period - Slapshot by Eric Baier.
6:37 of 2nd period - Shot Blocked by Barclay Goodrow.
6:39 of 2nd period - Slapshot by Eric Baier.
6:39 of 2nd period - Goal by Eric Baier - Wolves : 6 - Monsters : 0.
6:40 of 2nd period - Jeff Hoggan wins face-off versus Colton Sissons in neutral zone.
6:58 of 2nd period - Wrist shot by Quinton Howden.
6:58 of 2nd period - Stopped by Evgeni Nabokov with a rebound.
7:04 of 2nd period - Backhand shot by Viktor Arvidsson.
7:04 of 2nd period - Deflect By Colton Sissons.
7:04 of 2nd period - Shot Blocked by Colton Sissons.
7:04 of 2nd period - Puck is out of play.
7:05 of 2nd period - Mitch Callahan wins face-off versus Chris Brown in Wolves zone.
7:16 of 2nd period - Snap shot by Steven Pinizzotto.
7:16 of 2nd period - Stopped by Evgeni Nabokov with a rebound.
8:36 of 2nd period - Snap shot by Brian O'Neill.
8:36 of 2nd period - Shot Misses the Net.
8:44 of 2nd period - Wrist shot by Colton Sissons.
8:44 of 2nd period - Shot Misses the Net.
8:51 of 2nd period - Slapshot by Brian O'Neill.
8:51 of 2nd period - Stopped by FARM GOALIE23 without a rebound.
8:52 of 2nd period - Zack Phillips wins face-off versus Barclay Goodrow in Monsters zone.
9:17 of 2nd period - Slapshot by Evan Rankin.
9:17 of 2nd period - Shot Blocked by Barclay Goodrow.
9:25 of 2nd period - Backhand shot by Barclay Goodrow.
9:25 of 2nd period - Deflect By Eric Baier.
9:25 of 2nd period - Shot Blocked by Joe Vitale.
9:25 of 2nd period - Puck is out of play.
9:26 of 2nd period - Josh Anderson wins face-off versus Jeff Hoggan in Wolves zone.
9:51 of 2nd period - Snap shot by Chris Brown.
9:51 of 2nd period - Deflect By Marek Tvrdon.
9:51 of 2nd period - Shot Blocked by Trevor van Riemsdyk.
9:51 of 2nd period - Puck is out of play.
9:52 of 2nd period - Austin Watson wins face-off versus Colton Sissons in Monsters zone.
9:54 of 2nd period - Blair Riley beats up Joe Piskula.
9:54 of 2nd period - Penalty to Blair Riley for Fighting.
9:54 of 2nd period - Penalty to Joe Piskula for Fighting.
9:55 of 2nd period - Jordan Weal wins face-off versus Colton Sissons in neutral zone.
10:29 of 2nd period - Austin Watson is hit by Colton Sissons and loses puck.
10:44 of 2nd period - Wrist shot by Ryan Reaves.
10:44 of 2nd period - Shot Blocked by Barclay Goodrow.
10:46 of 2nd period - Wrist shot by Joakim Nordstrom.
10:46 of 2nd period - Shot Misses the Net.
11:57 of 2nd period - Icing by Matt MacKenzie.
11:58 of 2nd period - Zack Phillips wins face-off versus Austin Watson in Monsters zone.
12:21 of 2nd period - Snap shot by Evan Rankin.
12:21 of 2nd period - Shot Misses the Net.
12:25 of 2nd period - Snap shot by Joe Vitale.
12:25 of 2nd period - Shot Blocked by Barclay Goodrow.
12:51 of 2nd period - Andre Benoit is hit by Steven Pinizzotto and loses puck.
13:34 of 2nd period - Marek Tvrdon is hit by Troy Rutkowski and loses puck.
13:51 of 2nd period - Snap shot by Marek Tvrdon.
13:51 of 2nd period - Shot Misses the Net.
13:53 of 2nd period - Wrist shot by Josh Anderson.
13:53 of 2nd period - Deflect By Marek Tvrdon.
13:53 of 2nd period - Shot Blocked by Quinton Howden.
13:53 of 2nd period - Puck is out of play.
13:54 of 2nd period - Mitch Callahan wins face-off versus Joe Vitale in Monsters zone.
14:51 of 2nd period - Trevor van Riemsdyk is hit by Kevin Gagne and loses puck.
15:09 of 2nd period - Slapshot by Andre Benoit.
15:09 of 2nd period - Deflect By Marek Tvrdon.
15:09 of 2nd period - Shot Blocked by Viktor Arvidsson.
15:09 of 2nd period - Puck is out of play.
15:10 of 2nd period - Mitch Callahan wins face-off versus Chris Brown in Monsters zone.
15:19 of 2nd period - Mitch Callahan is hit by Andre Benoit and loses puck.
16:04 of 2nd period - Minor Penalty to Joe Whitney for Hooking.
16:05 of 2nd period - Joe Vitale wins face-off versus Mitch Callahan in Wolves zone.
16:43 of 2nd period - Ryan Reaves is hit by Matt MacKenzie and loses puck.
17:11 of 2nd period - Steven Pinizzotto is hit by Joe Vitale and loses puck.
17:30 of 2nd period - Marek Tvrdon is hit by Austin Watson and loses puck.
17:58 of 2nd period - Marek Tvrdon is hit by FARM PLAYER17.
17:59 of 2nd period - Marek Tvrdon from Wolves is injured at 17:59 of 2nd period (Left Leg).
18:00 of 2nd period - Joe Vitale wins face-off versus Austin Watson in Wolves zone.
18:04 of 2nd period - Penalty to Joe Whitney is over, Joe Whitney is back on ice.
18:51 of 2nd period - Snap shot by Mitch Callahan.
18:51 of 2nd period - Deflect By Andre Benoit.
18:51 of 2nd period - Stopped by Evgeni Nabokov with a rebound.
18:53 of 2nd period - Slapshot by Steven Pinizzotto.
18:53 of 2nd period - Shot Blocked by Andre Benoit.
19:03 of 2nd period - Wrist shot by Cal O'Reilly.
19:03 of 2nd period - Stopped by Evgeni Nabokov with a rebound.
19:23 of 2nd period - Mitch Callahan is hit by Ryan Reaves and loses puck.
19:57 of 2nd period - Gus Young is hit by FARM PLAYER13 and loses puck.
Goals for this period are 4 for Wolves vs 0 for Monsters.
Shots for this period are 6 for Wolves vs 7 for Monsters.

3rd period


0:01 of 3rd period - Jordan Weal wins face-off versus Joe Vitale in neutral zone.
0:03 of 3rd period - Off-side.
0:04 of 3rd period - Austin Watson wins face-off versus Joe Vitale in neutral zone.
0:35 of 3rd period - Wrist shot by Ryan Reaves.
0:35 of 3rd period - Goal by Ryan Reaves - Wolves : 7 - Monsters : 0.
0:36 of 3rd period - Colton Sissons wins face-off versus Mitch Callahan in neutral zone.
1:25 of 3rd period - Troy Rutkowski and Ryan Reaves fight to a draw.
1:25 of 3rd period - Penalty to Troy Rutkowski for Fighting.
1:25 of 3rd period - Penalty to Ryan Reaves for Fighting.
1:26 of 3rd period - Austin Watson wins face-off versus Joe Vitale in Monsters zone.
1:35 of 3rd period - Snap shot by Joakim Nordstrom.
1:35 of 3rd period - Shot Blocked by Barclay Goodrow.
1:41 of 3rd period - Snap shot by Barclay Goodrow.
1:41 of 3rd period - Stopped by Evgeni Nabokov without a rebound.
1:42 of 3rd period - Joe Vitale wins face-off versus Austin Watson in Wolves zone.
2:09 of 3rd period - Slapshot by Austin Watson.
2:09 of 3rd period - Stopped by Evgeni Nabokov with a rebound.
2:11 of 3rd period - Wrist shot by Jordan Weal.
2:11 of 3rd period - Goal by Jordan Weal - Wolves : 7 - Monsters : 1.
2:12 of 3rd period - Mitch Callahan wins face-off versus Colton Sissons in neutral zone.
2:41 of 3rd period - Wrist shot by Joe Whitney.
2:41 of 3rd period - Goal by Joe Whitney - Wolves : 8 - Monsters : 1.
2:41 of 3rd period - FARM GOALIE2 enters game.
2:42 of 3rd period - Scott Kosmachuk wins face-off versus Austin Watson in neutral zone.
2:45 of 3rd period - Snap shot by Joakim Nordstrom.
2:45 of 3rd period - Shot Blocked by Mac Bennett.
2:55 of 3rd period - Snap shot by Joakim Nordstrom.
2:55 of 3rd period - Stopped by FARM GOALIE2 with a rebound.
2:57 of 3rd period - Slapshot by Joe Vitale.
2:57 of 3rd period - Goal by Joe Vitale - Wolves : 9 - Monsters : 1.
2:58 of 3rd period - Joe Vitale wins face-off versus Austin Watson in neutral zone.
3:01 of 3rd period - Austin Watson is hit by Ryan Sproul and loses puck.
3:26 of 3rd period - Snap shot by Austin Watson.
3:26 of 3rd period - Stopped by Evgeni Nabokov without a rebound.
3:27 of 3rd period - Mitch Callahan wins face-off versus Colton Sissons in Wolves zone.
3:28 of 3rd period - Wrist shot by Steven Pinizzotto.
3:28 of 3rd period - Shot Blocked by Gus Young.
3:35 of 3rd period - Slapshot by Gus Young.
3:35 of 3rd period - Stopped by FARM GOALIE2 with a rebound.
3:37 of 3rd period - Slapshot by Eric Baier.
3:37 of 3rd period - Deflect By Brian O'Neill.
3:37 of 3rd period - Goal by Brian O'Neill - Wolves : 10 - Monsters : 1.
3:38 of 3rd period - Austin Watson wins face-off versus Joe Vitale in neutral zone.
3:40 of 3rd period - Austin Watson beats up Ryan Sproul.
3:40 of 3rd period - Penalty to Austin Watson for Fighting.
3:40 of 3rd period - Penalty to Ryan Sproul for Fighting.
3:41 of 3rd period - Chase Balisy wins face-off versus Joakim Nordstrom in Wolves zone.
4:36 of 3rd period - Snap shot by Joe Whitney.
4:36 of 3rd period - Goal by Joe Whitney - Wolves : 11 - Monsters : 1.
4:37 of 3rd period - Mitch Callahan wins face-off versus Colton Sissons in neutral zone.
4:42 of 3rd period - Snap shot by Brian O'Neill.
4:42 of 3rd period - Stopped by FARM GOALIE2 with a rebound.
4:44 of 3rd period - Slapshot by Brian O'Neill.
4:44 of 3rd period - Stopped by FARM GOALIE2 with a rebound.
4:46 of 3rd period - Snap shot by Brian O'Neill.
4:46 of 3rd period - Deflect By Joe Whitney.
4:46 of 3rd period - Shot Misses the Net.
4:46 of 3rd period - Puck is out of play.
4:47 of 3rd period - Colton Sissons wins face-off versus Mitch Callahan in Monsters zone.
5:28 of 3rd period - Kevin Gagne is hit by Matt MacKenzie and loses puck.
5:41 of 3rd period - Joe Vitale is hit by Quinton Howden and loses puck.
6:25 of 3rd period - Trevor van Riemsdyk is hit by Gus Young and loses puck.
6:38 of 3rd period - Snap shot by Chris Brown.
6:38 of 3rd period - Stopped by FARM GOALIE2 with a rebound.
7:08 of 3rd period - Wrist shot by Zack Phillips.
7:08 of 3rd period - Stopped by FARM GOALIE2 with a rebound.
7:10 of 3rd period - Snap shot by Joe Vitale.
7:10 of 3rd period - Shot Misses the Net.
7:12 of 3rd period - Slapshot by Eric Baier.
7:12 of 3rd period - Shot Blocked by Barclay Goodrow.
8:22 of 3rd period - Jeff Hoggan and Ryan Reaves fight to a draw.
8:22 of 3rd period - Penalty to Jeff Hoggan for Fighting.
8:22 of 3rd period - Penalty to Ryan Reaves for Fighting.
8:22 of 3rd period - Ryan Reaves is ejected from game.
8:23 of 3rd period - Chase Balisy wins face-off versus Joe Vitale in Monsters zone.
8:36 of 3rd period - Snap shot by Joakim Nordstrom.
8:36 of 3rd period - Shot Misses the Net.
9:13 of 3rd period - Jordan Weal is hit by Colton Sissons and loses puck.
9:30 of 3rd period - FARM PLAYER17 is hit by Joe Vitale and loses puck.
9:57 of 3rd period - Wrist shot by Brian O'Neill.
9:57 of 3rd period - Stopped by FARM GOALIE2 with a rebound.
12:20 of 3rd period - Wrist shot by Viktor Arvidsson.
12:20 of 3rd period - Stopped by Evgeni Nabokov with a rebound.
12:30 of 3rd period - Quinton Howden is hit by Joe Piskula and loses puck.
13:06 of 3rd period - Brian O'Neill is hit by Barclay Goodrow and loses puck.
13:35 of 3rd period - Mac Bennett is hit by Evan Rankin and loses puck.
13:48 of 3rd period - Snap shot by Chris Brown.
13:48 of 3rd period - Shot Misses the Net.
13:50 of 3rd period - Snap shot by Chris Brown.
13:50 of 3rd period - Shot Misses the Net.
13:52 of 3rd period - Wrist shot by Andre Benoit.
13:52 of 3rd period - Shot Blocked by Quinton Howden.
13:54 of 3rd period - Slapshot by Ryan Sproul.
13:54 of 3rd period - Shot Misses the Net.
13:56 of 3rd period - Backhand shot by Ryan Sproul.
13:56 of 3rd period - Shot Misses the Net.
13:58 of 3rd period - Slapshot by Andre Benoit.
13:58 of 3rd period - Stopped by FARM GOALIE2 with a rebound.
15:03 of 3rd period - Wrist shot by Andre Benoit.
15:03 of 3rd period - Stopped by FARM GOALIE2 with a rebound.
15:05 of 3rd period - Slapshot by Ryan Sproul.
15:05 of 3rd period - Shot Hit the Post.
15:07 of 3rd period - Snap shot by Ryan Sproul.
15:07 of 3rd period - Shot Blocked by Mitch Callahan.
16:03 of 3rd period - Snap shot by Joakim Nordstrom.
16:03 of 3rd period - Shot Misses the Net.
16:07 of 3rd period - Wrist shot by Joakim Nordstrom.
16:07 of 3rd period - Shot Misses the Net.
16:09 of 3rd period - Snap shot by Joakim Nordstrom.
16:09 of 3rd period - Shot Misses the Net.
16:13 of 3rd period - Wrist shot by Joakim Nordstrom.
16:13 of 3rd period - Shot Blocked by Blair Riley.
16:31 of 3rd period - Slapshot by Joe Whitney.
16:31 of 3rd period - Shot Misses the Net.
16:33 of 3rd period - Wrist shot by Joe Vitale.
16:33 of 3rd period - Shot Blocked by Jordan Weal.
16:35 of 3rd period - Wrist shot by Evan Rankin.
16:35 of 3rd period - Stopped by FARM GOALIE2 without a rebound.
16:36 of 3rd period - Joe Vitale wins face-off versus Jeff Hoggan in Monsters zone.
16:47 of 3rd period - Snap shot by Quinton Howden.
16:47 of 3rd period - Shot Blocked by Colton Sissons.
16:49 of 3rd period - Slapshot by Troy Rutkowski.
16:49 of 3rd period - Shot Misses the Net.
16:51 of 3rd period - Snap shot by Quinton Howden.
16:51 of 3rd period - Stopped by Evgeni Nabokov with a rebound.
17:07 of 3rd period - Trevor van Riemsdyk is hit by Eric Baier and loses puck.
17:18 of 3rd period - Wrist shot by Joakim Nordstrom.
17:18 of 3rd period - Stopped by FARM GOALIE2 without a rebound.
17:19 of 3rd period - Mitch Callahan wins face-off versus Zack Phillips in Monsters zone.
17:24 of 3rd period - Andre Benoit is hit by Mitch Callahan and loses puck.
17:33 of 3rd period - Mitch Callahan is hit by Ryan Sproul and loses puck.
17:52 of 3rd period - Troy Rutkowski is hit by Brian O'Neill and loses puck.
18:27 of 3rd period - Snap shot by Austin Watson.
18:27 of 3rd period - Shot Blocked by Scott Kosmachuk.
18:46 of 3rd period - Snap shot by Chase Balisy.
18:46 of 3rd period - Stopped by Evgeni Nabokov with a rebound.
19:14 of 3rd period - Slapshot by Eric Baier.
19:14 of 3rd period - Shot Misses the Net.
19:32 of 3rd period - Barclay Goodrow is hit by Zack Phillips and loses puck.
Goals for this period are 5 for Wolves vs 1 for Monsters.
Shots for this period are 16 for Wolves vs 7 for Monsters.